AoeStats
← Kez

Black Forest

507295012Analyzed
3v3 RM · 15d ago on Sep 17, 2026· 21m 48s· 6 players
Game mode
Random Map
Map size
Normal (6 player)
Population
200
Speed
Normal
Resources
Standard
Victory
Conquest
Starting age
Dark Age
Ending age
Imperial Age
RankedLock teamsTeams togetherTeam positionsShared explorationLock speedFull tech treeHidden civsTurbo modeCheats
Victory
Defeat
🇦🇷 Persians · Argentina
1438
+11
🇰🇷 Bohemians · South Korea
1425
+12
🇭🇰 Italians · Hong Kong SAR China
1317
+17
🇭🇺 Bohemians · Hungary
1346
-14
🇵🇪 Magyars · Peru
1327
-13
🇳🇱 Poles · Netherlands
1318
-13
Kez
Uporcpine
1:07 Loom
10:54 Feudal Age
15:56 Castle Age
lcastillov22
jetty8282-한국인
10:58 Feudal Age
14:55 Castle Age
13:14 Double-Bit Axe
13:30 Horse Collar
16:17 Bow Saw
16:24 Loom
17:17 Wheelbarrow
16:53 Loom
19:47 Heavy Plow
DOG
Cleopatra
10:12 Feudal Age
14:20 Castle Age
13:40 Double-Bit Axe
16:06 Wheelbarrow
Connection lost

Rejoining the realm…

Still unreachable

The connection could not be restored.

Session expired

The server has moved on; the page needs a fresh start.